Workbook
Name ¿Quiénes_están_inscritos_dentro_del_sistema__incluye_desinscr___: #REF!
Name ActividadRE: #REF!
Name ALMUERZO: '[1]Resumen Preparaciones'!$C$52:$C$113
Name almuerzocena: '[1]Resumen Preparaciones'!$C$52:$C$141
Name Calidad: [2]PERSONAL!$P$58
Name Campamento: [2]PERSONAL!$P$122
Name CostoDirectoObra: #REF!
Name CuantostieneEdSuperior: #REF!
Name Decision: [14]lista!$A$6:$A$7
Name Decision: [3]lista!$A$6:$A$7
Name Decision: [3]lista!$A$6:$A$7
Name Decision: [4]lista!$A$6:$A$7
Name Dedicacion: '[5]Tal Humano'!#REF!
Name desayuno: '[1]Resumen Preparaciones'!$C$5:$C$50
Name DESAYUNOS: '[1]Resumen Preparaciones'!$C$5:$C$33
Name DeseanCapacitacionEn: #REF!
Name DESINSCRITOS: #REF!
Name DISTRIBUCIONPORTIPOCONTRATO: #REF!
Name Ed_cons_empr_CodEntidad: #REF!
Name Ed_emp_codemp: #REF!
Name EdSuperior2: #REF!
Name EdSuperior3: #REF!
Name Empresa: #REF!
Name Ensayos: [2]PERSONAL!$P$100
Name EstadoMadCabFamilia: #REF!
Name Estrategia: [6]Tablas!$F$2:$F$34
Name Fuente: [6]Tablas!$D$2:$D$10
Name Funcionario: [7]frmFuncionario!#REF!
Name GruporUPS: #REF!
Name HFGHGFH3: [8]Planta_Super!#REF!
Name Horas: '[9]Tal Humano'!#REF!
Name hrgc: #REF!
Name Incre: #REF!
Name INCREMENTO: #REF!
Name INCREMENTOS: #REF!
Name Indemnizacion: #REF!
Name InfLaboral: #REF!
Name InfLabrl: #REF!
Name Ins: #REF!
Name InsEnt: #REF!
Name InsFisMag: #REF!
Name IVASobreUtilidad: [2]IMPUESTOS!$E$16
Name LimitacionAuditiva: #REF!
Name LimitacionFisicaOMental: #REF!
Name LimitacionVisual: #REF!
Name LISTA_1: #REF!
Name LISTA_2: #REF!
Name LISTA_PROM: #REF!
Name MadreCabezaFamilia: #REF!
Name Mas_Bajo_Adminstración: '[10]Costo Total'!#REF!
Name Mas_Bajo_Imprevistos: '[10]Costo Total'!#REF!
Name NivelEducacionBasica: #REF!
Name NIVELEDUCACIONSUP: #REF!
Name NivelEducacionSuperior: #REF!
Name NoFacturable: [2]PERSONAL!$P$46
Name NoNOInscritos: #REF!
Name NUMERO: [8]Planta_Super!#REF!
Name Objetivos: [6]Tablas!$E$2:$E$17
Name Oficina: [2]PERSONAL!$P$69
Name PagoRE: #REF!

Sheet FORMATO SDC
B8: SOLICITUD DE COTIZACIÓN
B10: EMPRESA: | F10: CONTACTO:
B11: CARGO: | F11: E-MAIL:
B12: TELÉFONO: | F12: FECHA:
B14: Instrucciones para el diligenciamiento del formato de cotización
B15: • Por favor diligenciar solo las celdas en AMARILLO. Se deben llenar todas las casillas. • Revisar todos los requerimientos que se exponen en el documento "Ficha de Condiciones Técnicas" y Anexos; y formular su cotización en concordancia con este. • El valor de la cotización deber ser expresado en PESOS COLOMBIANOS. • Los valores unitarios deberán aproximarse por exceso o por defecto al entero más cercano. Si la cifra no está aproximada y aparece con centavos, el ICBF aproximará al entero inferior. • No modificar, agregar o quitar ningún ítem o sub-ítem.
B16: Notas: (1) Los valores cotizados deben corresponder al 2014, vigencia en la cual se ejecutará el contrato. (2) El plazo de ejecución estimado es 8 meses. Ver numeral 9 del documento Ficha de condiciones Técnicas. (3) Talento Humano: Revisar el documento de condiciones Técnicas, Anexo Perfiles Mínimos (4) Transporte y Viáticos: Revisar el documento de condiciones Técnicas y anexos (5) Administración Utilidad: Establecer los porcentajes que correspondan a estos dos factores. Con respecto a la Administración, incluir en éste los costos correspondientes a los demás costos directos e indirectos relacionados en las especificaciones técnicas y obligaciones definidas en la Ficha de Condiciones Técnicas, entre ellas se deben tener en cuenta las pólizas para la legalización del contrato, gastos de oficina, papelería, gravamen al impuesto financiero (4 x mil).
B18: Tiempo de ejecución (mes) 2014--> | E18: 8 | F18: (Nota 2)
B20: CATEGORIA DE COSTO | C20: CARGO (Nota 3) | E20: Personas Requeridas | F20: % En el proyecto | G20: Valor mes (honorarios o salarios mensuales) | H20: Costo Total (Periodo de ejecución)
B21: TALENTO HUMANO | C21: Director de Interventoría | E21: 1 | F21: 0.5 | H21: =+ROUND((E21*F21*G21*$E$18),0) -> 0
C22: Profesional Administrador y Financiero | E22: 1 | F22: 0.25 | H22: =+ROUND((E22*F22*G22*$E$18),0) -> 0
C23: Inspectores por Zonas Geográficas del País | E23: 4 | F23: 1 | H23: =+ROUND((E23*F23*G23*$E$18),0) -> 0
B24: VALOR TOTAL TALENTO HUMANO | H24: =+SUM(H21:H23) -> 0
B26: CATEGORIA DE COSTO | C26: CONCEPTO | H26: Costo Total
B27: TRANSPORTE Y VIATICOS (Nota 4) | C27: Transporte Director de Interventoría y Administrador
C28: Transporte Profesionales de Inspección
C29: Viáticos Director de Interventoría y Administrador
C30: Viáticos Profesionales de Inspección
B31: VALOR TOTAL TRANSPORTE | H31: =+SUM(H27:H30) -> 0
B33: SUBTOTAL 1 (TALENTO HUMANO + TRANSPORTE Y VIATICOS) | H33: =+H24+H31 -> 0
B35: CATEGORIA DE COSTO | C35: CONCEPTO | G35: Porcentaje | H35: Costo Total
B36: Administración y Utilidad (Nota 5) | C36: Administración | H36: =+H33*G36 -> 0
C37: Utilidad | H37: =+H33*G37 -> 0
B38: TOTAL ADMINISTRACIÓN UTILIDAD | H38: =+SUM(H36:H37) -> 0
B40: SUBTOTAL 2 = (SUBTOTAL 1 + ADMINISTRACIÓN + UTILIDAD) | H40: =+H33+H38 -> 0
B42: CATEGORIA DE COSTO | C42: CONCEPTO | G42: Porcentaje | H42: Costo Total
B43: IMPUESTOS | C43: ICA | G43: 0.0069 | H43: =+G43*H40 -> 0
C44: IVA | G44: 0.16 | H44: =+H40*G44 -> 0
B45: TOTAL IMPUESTOS | H45: =+SUM(H43:H44) -> 0
B47: TOTAL CONSULTORIA | H47: =+H40+H45 -> 0
B49: La presente cotización:
B50: • Incluye todos los costos y gastos directos e indirectos en que debe incurrir el contratista durante la ejecución del contrato de acuerdo con las especificaciones de la Ficha de Condiciones Técnicas, las obligaciones tributarias de acuerdo con las normas aplicables para el tipo de servicio y contrato correspondiente, y los costos de las pólizas. • Se remite como parte del estudio de mercado, previo a la contratación, y no implica ninguna obligación de contratar. • Tiene una vigencia de 90 días a partir de la fecha de diligenciamiento.
B51: Inscripción en el Registro Único de Proponentes: Las personas naturales y jurídicas, nacionales o extranjeras, con domicilio en Colombia, interesadas en participar en procesos de contratación convocados por las entidades estatales, deben estar inscritas en el RUP, salvo las excepciones previstas de forma taxativa en la ley (Artículo 8 del Decreto 1510 de 2013). Se aclara que esta inscripción no se requiere para remitir cotización durante el estudio de mercado.

Sheet POLIZAS
B9: CONCEPTOS A TENER EN CUENTA
B12: El presente cuadro es de carácter informativo, no se debe diligenciar. Sin embargo se entiende que la cotización incluye la totalidad de los conceptos relacionados a continuación.
B14: POLIZAS PARA LEGALIZACIÓN DEL CONTRATO
B16: CONCEPTO | D16: COBERTURA | E16: PLAZO (En Meses)
B17: Garantía de Seriedad de la oferta | D17: 0.1 | E17: Plazo de Ejecución
B18: Cumplimiento | D18: 0.2 | E18: Plazo de ejecución + 4 meses mas
B19: Salarios, Prestaciones | D19: 0.1 | E19: Plazo de ejecución + 36 meses mas
B20: Calidad de los Servicios | D20: 0.2 | E20: Plazo de ejecución + 4 meses mas
B21: Responsabilidad civil extracontraactual | D21: 0.1 | E21: Plazo de Ejecución
B22: Cobertura: Corresponde al porcentaje del valor total del contrato a amparar.

Sheet INFO GENERAL Y FINANCIERA
B8: Formato Información General Y Financiera De Proveedores
B10: Ciudad | E10: Fecha Dd/mm/aa | G10: Persona Natural
G11: Persona Juridica
B12: 1. Información General
B13: 1.1. Identificación.
B14: Personas naturales | C14: Nombre Comercial | F14: Nombres y Apellidos | H14: Cédula
B16: Personas juridicas | C16: Razón Social | F16: NIT | H16: DV
B18: Dirección | F18: Teléfono | G18: Fax | H18: Ciudad
B20: Pagina Web | F20: Años de Constitucion | G20: Sector al que pertenece
B22: 1.2. Personas De Contacto
B23: Gerente General | D23: E-mail | F23: Telefono | G23: Ext. | H23: Celular
B25: Director Comercial | D25: E-mail | F25: Telefono | G25: Ext. | H25: Celular
B27: Asesor Comercial | D27: E-mail | F27: Telefono | G27: Ext. | H27: Celular
B29: 1.3. Productos Y Servicios Inscritos En El Rup De Acuerdo Con El Unspsc
B30: Incluir Listado Con Breve Descripción De Los Produtos Y/o Servicios Que Ofrece La Compañía, Registrados En El Rup (agregue Las Filas Necesarias) | H30: Código de Naciones Unidas
B36: 1.4. Códigos CIIU | H36: 1.5. Número De Empleados
B37: Código De Actividad | C37: Descripción Actividad Económica CIIU | G37: Tarifa ICA
B41: 2. Información Financiera - A Diciembre 31 De 2012
B42: Nombre Del Indicador | E42: Cuenta | F42: Valores En Pesos | G42: Indicador
B43: Capacidad Financiera | C43: indice De Liquidez | E43: Activo Corriente --> | G43: =+IFERROR(F43/F44,0) -> 0 | H43: Veces
E44: Pasivo Corriente -->
C45: Indice De Endeudamiento | E45: Pasivo Total--> | G45: =+IFERROR(F45/F46,0) -> 0 | H45: Porcentaje
E46: Activo Total-->
C47: Razón De Cobertura De Intereses | E47: Utilidad Operacional--> | G47: =+IFERROR(F47/F48,0) -> 0 | H47: Veces
E48: Gastos De Interes-->
B49: Capacidad Organizacional | C49: Rentabilidad Del Patrimonio | E49: Utilidad Operacional--> | G49: =+IFERROR(F49/F50,0) -> 0 | H49: Porcentaje
E50: Patrimonio-->
C51: Rentabilidad Del Activo | E51: Utilidad Operacional--> | G51: =+IFERROR(F51/F52,0) -> 0 | H51: Porcentaje
E52: Activo Total-->
B53: Nota: Para las empresas inspeccionadas, vigiladas o controladas por la Supersociedades, la información consignada en este numeral sera validada con la reportada a la Supersociedades y disponible para consulta en Intenet mediante el Sistema de Información y Riesgo Empresarial de la Supersociedades (SIREM). Si se evidencian diferencias en los valores consignados en este formato y los reportados a la Supersociedades se tomará como referencia la información del SIREM.
B54: Otra informacion relevante de la empresa (consigne en este espacio otra información que considere de interés)

Sheet INFO EXPERIENCIA
B8: EXPERIENCIA EN CONTRATACION EN LOS ULTIMOS 5 AÑOS
B9: EXPERIENCIA EN CONTRATACION EN LOS ULTIMOS 5 AÑOS
B11: Con el fin de conocer la experiencia con la que cuentan las empresas del sector relacionada con el objeto del presente estudio de mercado, agradecemos diligenciar el cuadro que sigue:
B13: EXPERIENCIA- EXÁMENES MÉDICOS OCUPACIONALES
B15: EMPRESA: | C15: =+IF('FORMATO SDC'!C10:E10=0,"",'FORMATO SDC'!C10:E10) | F15: CONTACTO: | G15: =+IF('FORMATO SDC'!G10:H10=0,"",'FORMATO SDC'!G10:H10) | I15: FECHA: | J15: =+IF('FORMATO SDC'!G12=0,"",'FORMATO SDC'!G12)
B16: CARGO: | C16: =+IF('FORMATO SDC'!C11:E11=0,"",'FORMATO SDC'!C11:E11) | F16: E-MAIL: | G16: =+IF('FORMATO SDC'!G11:H11=0,"",'FORMATO SDC'!G11:H11) | I16: TELEFONO | J16: =+IF('FORMATO SDC'!C12=0,"",'FORMATO SDC'!C12)
B18: Tipo de entidad | C18: Entidad o Empresa | D18: Numero del contrato | E18: Objeto del contrato | F18: Fecha de suscripción (dd/mmm/aa) | G18: Plazo de ejecución (en años) | H18: Forma de participación (UT, consorcio, individual) | I18: % de participación | J18: Valor total ejecutado del contrato
B31: Nota: Agregar las filas necesarias para reportar la experiencia
